 Dungeon Crawl Stone Soup version 0.24.0-13-gcf9b319 (webtiles) character file.

Game seed: 15078106808021192961, levelgen mode: deterministic

20996 Inchmeat the Severer (level 12, -2/121 HPs)
             Began as a Hill Orc Gladiator on Dec 16, 2019.
             Was a High Priest of Makhleb.
             Slain by a sixfirhy (11 damage)
             ... summoned by an orc high priest
             ... on level 2 of the Orcish Mines.
             The game lasted 00:25:15 (17407 turns).

Inchmeat the Severer (Hill Orc Gladiator)          Turns: 17407, Time: 00:25:16

Health: -2/121     AC: 14    Str: 22    XL:     12   Next: 85%
Magic:  15/15      EV:  6    Int:  8    God:    Makhleb [*****.]
Gold:   722        SH:  3    Dex: 12    Spells: 11/11 levels left

rFire    + . .     SeeInvis .   I - +6 battleaxe (freeze)
rCold    + . .     Gourm    .   (shield currently unavailable)
rNeg     . . .     Faith    .   w - +0 plate armour
rPois    .         Spirit   .   c - +2 helmet
rElec    .         Reflect  +   o - scarf {rC+ rF+}
rCorr    .         Harm     .   h - +0 pair of gloves
MR       .....                  (no boots)
Stlth    ..........             a - +3 amulet of reflection
HPRegen  0.30/turn              (no ring)
MPRegen  0.14/turn              (no ring)

@: about to teleport, drained
A: no striking features
a: Minor Destruction, Lesser Servant of Makhleb, Major Destruction, Greater
Servant of Makhleb, Renounce Religion


You were on level 2 of the Orcish Mines.
You worshipped Makhleb.
Makhleb was extremely pleased with you.
You were not hungry.

You visited 2 branches of the dungeon, and saw 13 of its levels.
You also visited: Ossuary.

You collected 1281 gold pieces.
You spent 559 gold pieces at shops.

Inventory:

Hand Weapons
 b - a +0 scimitar of flaming
 I - a +6 battleaxe of freezing (weapon)
 J - a +5 war axe of freezing
 K - a cursed +4 battleaxe
Missiles
 d - 5 throwing nets (quivered)
Armour
 c - a +2 helmet (worn)
 h - a +0 pair of gloves (worn)
 o - a scarf of resistance (worn)
 v - a scarf of repulsion
 w - a +0 plate armour (worn)
 z - a +1 chain mail
 M - the +0 helmet of Incorporation {*Slow rF+++ rC+++ Str-2}
   (You found it on level 8 of the Dungeon)

   It affects your strength (-2).
   It renders you almost immune to fire.
   It renders you almost immune to cold.
   It may slow you when you take damage.
 N - a +0 cloak of magic resistance
Jewellery
 a - a +3 amulet of reflection (around neck)
Wands
 e - a wand of random effects (29)
 j - a wand of clouds (6)
 s - a wand of acid (2)
 y - a wand of flame (7)
 B - a wand of polymorph (9)
 H - a wand of enslavement (4)
 L - a wand of paralysis (7)
Scrolls
 g - 3 scrolls of teleportation
 l - 7 scrolls of remove curse {@r2}
 t - a scroll of magic mapping
 D - a scroll of amnesia
Potions
 i - 4 potions of flight
 m - 2 potions of curing {@q1}
 n - 2 potions of heal wounds
 r - 3 potions of lignification
 u - a potion of agility
 x - 4 potions of invisibility
 A - a potion of magic
 C - a potion of cancellation
 E - 2 potions of haste
 F - a potion of ambrosia
 G - a potion of might
Comestibles
 f - 15 rations
 k - 2 chunks of flesh


   Skills:
 - Level 15.5(14.7) Fighting
 + Level 18.8(18.0) Axes
 - Level 1.7(1.2) Throwing
 - Level 2.4(1.8) Dodging
 - Level 5.0(4.3) Invocations


You had 11 spell levels left.
You didn't know any spells.
Your spell library contained the following spells:

 Spells                   Type           Power        Failure   Level  Hunger
 Beastly Appendage        Tmut           #.....       100%        1    ##.....
 Corona                   Hex            #......      100%        1    ##.....
 Infusion                 Chrm           #...         100%        1    ##.....
 Sandblast                Erth           #.....       100%        1    ##.....
 Passwall                 Tmut/Erth      #.......     100%        2    ###....
 Shroud of Golubria       Chrm/Tloc      #.....       100%        2    ###....
 Slow                     Hex            #.......     100%        2    ###....
 Song of Slaying          Chrm           #.......     100%        2    ###....
 Sticks to Snakes         Tmut           #.......     100%        2    ###....
 Inner Flame              Hex/Fire       #.......     100%        3    ####...
 Portal Projectile        Hex/Tloc       #.....       100%        3    ####...
 Regeneration             Chrm/Necr      #.........   100%        3    ####...
 Spectral Weapon          Hex/Chrm       #.......     100%        3    ####...
 Spider Form              Tmut/Pois      #.........   100%        3    ####...
 Stone Arrow              Conj/Erth      #.....       100%        3    ####...
 Cause Fear               Hex            #.........   100%        4    #####..
 Ice Form                 Ice/Tmut       #.......     100%        4    #####..
 Leda's Liquefaction      Hex/Erth       #.........   100%        4    #####..
 Petrify                  Tmut/Erth      #.......     100%        4    #####..
 Blade Hands              Tmut           #.........   100%        5    ######.
 Lee's Rapid Deconstruct  Erth           #.........   100%        5    ######.


Dungeon Overview and Level Annotations

Branches:
Dungeon (11/15)            Temple (0/1) D:5            Lair (0/6) D:10
    Orc (2/2) D:9             Elf (0/3) Orc:2       Ossuary (visited)

Altars:
Ashenzari
Gozag
Makhleb
Nemelex Xobeh
Okawaru
Ru
Trog
Yredelemnul
Beogh

Shops:
D:4 ?!   D:10 ?*=   Orc:2 *%


Message History

Tha orc high priest shouts, "Surrender ta Beogh an' we'll let ye live!"
Tha orc high priest hits ye but does nay damage.
Unknown command.
As ye read tha scroll o' teleportation, it crumbles ta dust.
Ye feel strangely unst'ble.
Tha sixfirhy hits ye but does nay damage.
Tha orc high priest shouts, "Join tha 'un true god or die!"
Tha orc high priest hits ye from afar wit' a +0 trident o' freezin'.
* * * LOW HITPOINT WARNIN'
* * * Tha orc high priest freezes ye.
* * * LOW HITPOINT WARNIN'
* * * Tha sixfirhy hits ye.
* * * LOW HITPOINT WARNIN'
* * * Tha sixfirhy shocks ye!
* * * LOW HITPOINT WARNIN'
* * * Tha sixfirhy hits ye but does nay damage.
Tha sixfirhy hits ye.
* * * LOW HITPOINT WARNIN'
* * * Tha sixfirhy shocks ye!
Ye die...

##....####....#............#...#
###....##.....................##
.##...))#.....................#
##....))..........#..(##...#.####
.#..##.##........###..###..####.#
.....#####......#####..###.##....
......# ###...###.###..###.....#
.....#### ######§..###..###...##
......#.####.###@#.#.###..###...#
.....#...#..###§3§#...###..###.##
......#.#..###§§4###...###(.####
##.<.....####oo4## ##...###..##
####.##.####3§§## ##..[.....## #
####.# #.)4## ##.[[#....## #
#.###o#o## ##....#...# #
####.oo).o.# ##.....#.∩
#.....#.## ##..#....


You could see an ice devil and a sixfirhy.

Vanquished Creatures
  Josephine (D:10)
  Erolcha (D:10)
  Harold (D:10)
  Erica (D:8)
  3 two-headed ogres
  An orc high priest (Orc:2)
  An orc sorcerer (Orc:2)
  The ghost of dylex the Caller, a novice BaSu of Elyvilon (D:6)
  An orc knight (Orc:2)
  Maurice (D:9)
  Joseph (D:8)
  A rust devil (Orc:2)
  An orange demon (Orc:2)
  A red devil (Orc:2)
  An ice devil (Orc:2)
  2 trolls
  Prince Ribbit (D:9)
  2 hippogriffs
  4 wraiths (D:10)
  A yak (D:7)
  Sigmund (D:6)
  3 hungry ghosts
  A human (D:7)
  A chaos spawn (Orc:2)
  A wyvern (D:10)
  Grum (D:8)
  3 hogs (D:7)
  A steam dragon (D:10)
  Duvessa (D:6)
  30 orc warriors
  An ice beast (D:9)
  A sky beast (D:8)
  8 ogres
  A necrophage (D:10)
  3 black bears
  6 phantoms
  4 wolves
  2 centaurs
  5 bullfrogs
  A big kobold (D:11)
  A gnoll sergeant (D:5)
  Dowan (D:6)
  4 scorpions
  2 troll zombies (D:9)
  5 killer bees
  12 wights
  3 howler monkeys
  4 crimson imps
  A bullfrog zombie (D:8)
  A centaur zombie (D:6)
  A centaur skeleton (D:9)
  4 hounds
  24 orc priests
  3 bullfrog skeletons
  2 jellies
  12 orc wizards
  A gnoll shaman (D:5)
  Ijyb (D:5)
  2 iguanas
  4 worker ants
  A big kobold zombie (Ossuary)
  6 ogre zombies (D:9)
  2 hound skeletons (D:5)
  3 mummies (Ossuary)
  2 worker ant zombies
  5 gnolls (D:5)
  A howler monkey skeleton (D:9)
  9 adders
  4 shadow imps
  2 adder zombies (Ossuary)
  5 worms
  3 dart slugs
  4 leopard geckos
  61 orcs
  9 giant cockroaches
  3 goblins (D:1)
  5 hobgoblins
  8 jackals
  A quokka (D:4)
  A ball python (D:3)
  11 bats
  5 frilled lizards
  6 goblin zombies
  5 hobgoblin zombies
  A jackal skeleton (D:5)
  A jackal zombie (D:9)
  12 kobolds
  3 kobold zombies (Ossuary)
  A leopard gecko skeleton (D:7)
  4 orc skeletons (D:9)
  17 orc zombies
  2 quokka skeletons
  A quokka zombie (D:8)
  10 rats
  5 rat zombies (Ossuary)
409 creatures vanquished.

Vanquished Creatures (collateral kills)
  An orc knight (Orc:1)
  An orc warrior (Orc:1)
  An orc (D:8)
3 creatures vanquished.

Vanquished Creatures (others)
  5 toadstools (D:1)
5 creatures vanquished.

Grand Total: 417 creatures vanquished

Notes
Turn   | Place    | Note
-------+----------+-------------------------------------------
     0 | D:1      | Inchmeat the Hill Orc Gladiator began the quest for the
                  | Orb.
     0 | D:1      | Reached XP level 1. HP: 18/18 MP: 1/1
   295 | D:1      | Reached XP level 2. HP: 23/25 MP: 2/2
   343 | D:1      | Reached skill level 5 in Axes
   661 | D:1      | Reached XP level 3. HP: 23/30 MP: 3/3
  1430 | D:2      | Reached skill level 6 in Axes
  2012 | D:3      | Reached XP level 4. HP: 37/37 MP: 4/4
  2045 | D:3      | Reached skill level 7 in Axes
  2313 | D:3      | Found a burning altar of Makhleb.
  2315 | D:3      | Noticed a balrug
  2349 | D:3      | Noticed an orange demon
  2349 | D:3      | Noticed a hellwing
  2351 | D:3      | Became a worshipper of Makhleb the Destroyer
  2452 | D:3      | Reached XP level 5. HP: 22/42 MP: 5/5
  3092 | D:3      | Found a shattered altar of Ashenzari.
  3092 | D:3      | Found a sparkling altar of Nemelex Xobeh.
  3222 | D:4      | Found Saonteir's Distillery.
  3264 | D:4      | Noticed a phantom
  3272 | D:4      | Found a basalt altar of Yredelemnul.
  3353 | D:4      | Killed a phantom
  3353 | D:4      | Reached skill level 8 in Axes
  3353 | D:4      | Reached XP level 6. HP: 29/50 MP: 6/6
  3391 | D:4      | Found Judgharu's Magic Scroll Boutique.
  3413 | D:4      | Reached skill level 9 in Axes
  3431 | D:4      | Bought a scroll of blinking for 75 gold pieces
  3431 | D:4      | Bought a scroll of fog for 20 gold pieces
  3431 | D:4      | Bought a scroll of teleportation for 30 gold pieces
  3574 | D:4      | Found a sand-covered staircase.
  3581 | Ossuary  | Entered an ossuary
  3595 | Ossuary  | Reached * piety under Makhleb
  3840 | Ossuary  | Reached skill level 10 in Axes
  3854 | Ossuary  | Reached XP level 7. HP: 56/56 MP: 7/7
  4066 | D:4      | Noticed a moth of wrath
  4068 | D:4      | Found a bloodstained altar of Trog.
  5058 | D:5      | Entered Level 5 of the Dungeon
  5338 | D:5      | Reached skill level 11 in Axes
  5345 | D:5      | Reached ** piety under Makhleb
  5380 | D:5      | Reached XP level 8. HP: 24/62 MP: 8/8
  5806 | D:5      | Noticed Ijyb
  5818 | D:5      | Reached skill level 12 in Axes
  5851 | D:4      | HP: 3/62 [poisoned by a gnoll]
  5859 | D:4      | HP: 3/62 [poisoned by a gnoll]
  6531 | D:5      | Found a sacrificial altar of Ru.
  6574 | D:5      | Killed Ijyb
  6746 | D:5      | Found a staircase to the Ecumenical Temple.
  6748 | D:5      | Found a faded altar of an unknown god.
  6993 | D:6      | Noticed a hornet
  6996 | D:6      | Reached skill level 13 in Axes
  7008 | D:5      | HP: 3/62 [orc wizard/+0 dagger (1)]
  7564 | D:6      | Noticed Sigmund
  7574 | D:6      | Killed Sigmund
  7735 | D:6      | Found an iron altar of Okawaru.
  7744 | D:6      | Noticed Duvessa
  7745 | D:6      | Noticed Dowan
  7755 | D:6      | Killed Duvessa
  7755 | D:6      | Reached skill level 14 in Axes
  7756 | D:6      | Killed Dowan
  7927 | D:6      | Reached XP level 9. HP: 65/68 MP: 9/9
  8092 | D:6      | Found a runed translucent door.
  8097 | D:6      | Noticed dylex's ghost (novice BaSu)
  8277 | D:6      | Killed dylex's ghost
  8277 | D:6      | Reached skill level 15 in Axes
  8605 | D:7      | Reached skill level 1 in Invocations
  8686 | D:7      | Reached skill level 5 in Fighting
  9025 | D:7      | Reached XP level 10. HP: 70/83 MP: 12/12
  9551 | D:8      | Noticed Grum
  9563 | D:7      | Reached skill level 16 in Axes
  9838 | D:8      | Killed Grum
 10173 | D:8      | Reached *** piety under Makhleb
 10526 | D:8      | Noticed Erica
 10545 | D:8      | Killed Erica
 10545 | D:8      | Reached skill level 10 in Fighting
 11286 | D:8      | Found a sparkling altar of Nemelex Xobeh.
 11316 | D:8      | Noticed Joseph
 11336 | D:8      | Killed Joseph
 11368 | D:8      | Found a transporter.
 11370 | D:8      | Found a transporter.
 11374 | D:8      | Found a roughly hewn altar of Beogh.
 11578 | D:9      | Reached XP level 11. HP: 104/104 MP: 13/13
 11630 | D:9      | Found a staircase to the Orcish Mines.
 11657 | D:9      | Reached **** piety under Makhleb
 11827 | D:9      | Found an opulent altar of Gozag.
 11902 | D:9      | Noticed Prince Ribbit
 11915 | D:9      | Killed Prince Ribbit
 11991 | D:9      | You fall into a shaft and drop 2 floors!
 11992 | D:11     | Noticed a two-headed ogre
 11993 | D:11     | Noticed a two-headed ogre
 11997 | D:11     | Killed a two-headed ogre
 12009 | D:11     | Killed a two-headed ogre
 12009 | D:11     | Reached skill level 5 in Invocations
 12152 | D:11     | Noticed a death knight
 12152 | D:11     | Noticed a skeletal warrior
 12165 | D:10     | Entered Level 10 of the Dungeon
 12229 | D:10     | Noticed Erolcha
 12245 | D:10     | Killed Erolcha
 12814 | D:10     | Found Qieroiri's Magic Scroll Boutique.
 12822 | D:10     | Bought a scroll of identify for 30 gold pieces
 12822 | D:10     | Bought a scroll of identify for 30 gold pieces
 13031 | D:10     | Found a staircase to the Lair.
 13055 | D:10     | Reached ***** piety under Makhleb
 13068 | D:10     | Noticed Harold
 13074 | D:10     | Killed Harold
 13080 | D:10     | Noticed Josephine
 13101 | D:10     | Killed Josephine
 13101 | D:10     | Reached skill level 15 in Fighting
 13101 | D:10     | Reached XP level 12. HP: 121/121 MP: 15/15
 13203 | D:10     | Found Dodgh's Jewellery Shoppe.
 13230 | D:10     | Found Qahauryu's General Store.
 13840 | D:10     | Bought a scroll of enchant weapon for 112 gold pieces
 13840 | D:10     | Bought a scroll of enchant weapon for 112 gold pieces
 13998 | D:4      | Bought a scroll of enchant weapon for 75 gold pieces
 13998 | D:4      | Bought a scroll of enchant weapon for 75 gold pieces
 14207 | D:8      | Got a polished helmet
 14218 | D:8      | Identified the +0 helmet of Incorporation {*Slow rF+++
                  | rC+++ Str-2} (You found it on level 8 of the Dungeon)
 14296 | D:9      | Noticed Maurice
 14345 | D:9      | Killed Maurice
 15028 | Orc:1    | Entered Level 1 of the Orcish Mines
 15364 | Orc:2    | Entered Level 2 of the Orcish Mines
 15537 | Orc:2    | Found Koiliyci's Food Shoppe.
 15539 | Orc:2    | Reached skill level 17 in Axes
 16128 | Orc:2    | Found Getesef's General Store.
 16374 | Orc:2    | Noticed a stone giant
 17071 | Orc:2    | Reached skill level 18 in Axes
 17126 | Orc:2    | Found a staircase to the Elven Halls.
 17217 | Orc:2    | Noticed a two-headed ogre
 17222 | Orc:2    | Killed a two-headed ogre
 17391 | Orc:2    | Noticed an orc high priest
 17391 | Orc:2    | Noticed an orc high priest
 17391 | Orc:2    | Noticed an orc high priest
 17397 | Orc:2    | Killed an orc high priest
 17407 | Orc:2    | Slain by a sixfirhy

Levels and vault maps discovered:
D:1:      ldierk_walled_garden, layout_rooms
D:2:      layout_loops_ring, first_ration, minmay_tromino_v7
D:3:      layout_loops_ring, makhleb_altar_promises_db,
          gammafunk_temple_overflow_elements
D:4:      layout_loops_corners, tgw_trog, serial_shops, shop_coins,
          nicolae_shop_stone, enter_ossuary_3, yredelemnul_altar_generic
D:5:      layout_cave_pools, lemuel_crystal_altar,
          nicolae_temple_entry_ecumenical, minmay_starry_boxes, uniq_ijyb
D:6:      layout_rooms, ebering_ghost_reflecting_pool,
          okawaru_metal_pillars_1_2, uniq_sigmund, uniq_duvessa
D:7:      layout_gridville, grunt_livestock
D:8:      gammafunk_beogh_shrine, layout_cave_pods, nemelex_spade_bored_becter,
          uniq_joseph, uniq_erica, uniq_grum
D:9:      layout_stronghold, lemuel_crystal_altar, zombieorc2_lemuel,
          uniq_maurice, uniq_prince_ribbit1
D:10:     layout_loops_corners, lair_entry_dummy, serial_shops, shop, shop,
          kennysheep_mini_moat, uniq_erolcha, uniq_harold, uniq_josephine
D:11:     layout_gridville, minmay_lindwurm_lava
Orc:1:    layout_diamond_mine
Orc:2:    pf_orc_diabolical, layout_caves

Skill      XL: |  1  2  3  4  5  6  7  8  9 10 11 12 |
---------------+-------------------------------------+-----
Axes           | 5 6 7 8 10 11 14 15 16 18 | 18.8
Fighting       | 6 11 15 | 15.5
Invocations    | 3 5 |  5.0
Throwing       | |  1.7
Dodging        | |  2.4

Action                   |  1- 3 |  4- 6 |  7- 9 | 10-12 || total
-------------------------+-------+-------+-------+-------++-------
Melee: War axe           |   102 |   132 |   289 |   459 ||   982
       Battleaxe         |       |       |       |   225 ||   225
Throw: Throwing net      |       |     1 |       |     7 ||     8
Invok: Lesser Servant of |       |       |       |     3 ||     3
Evoke: Wand              |       |       |     3 |     3 ||     6
  Use: Scroll            |       |    10 |     9 |    17 ||    36
       Potion            |       |     1 |       |     5 ||     6
 Stab: Sleeping          |     2 |       |       |       ||     2
       Held in net/web   |       |       |       |     2 ||     2
  Eat: Chunk             |     4 |     5 |    10 |    13 ||    32
       Ration            |       |       |     2 |     7 ||     9
Armor: Leather armour    |    48 |    33 |    37 |       ||   118
       Chain mail        |       |       |    86 |   242 ||   328
       Plate armour      |       |       |       |    93 ||    93
Dodge: Dodged            |    79 |    74 |   152 |   181 ||   486
Block: Other             |       |       |       |    13 ||    13
